Map: [ESL] Tropical Sacrifice

Players

Bly

  • Race: Zerg Zerg
  • Spawn Location: 1:00

ShaDoWn - Winner!

  • Race: Protoss Protoss
  • Spawn Location: 7:00

Event: DreamHack SC2 Masters 2022 Atlanta (Online)

VOD

Have the link to the VOD?

Description

Time

  • Played on: Sept. 30, 2022, 2:56 p.m.
  • Length: 10:20

All games in this series

Show
View Real Time Build Order
Export as new Build Order

Bly Zerg 

Build Orders: Pool First 

Get SALT Encoding   

  12  0:17  Spawning Pool  
  11  0:22  Drone  
  11  0:27  Drone  
  13  0:37  Drone  
  14  0:46  Overlord  
  14  1:05  Zergling x4  
  14  1:06  Zergling x2  
  17  1:19  Zergling x2  
  18  1:26  Hatchery  
  18  1:31  Zergling x2  
  18  1:39  Zergling x2  
  19  1:57  Hatchery  
  17  2:20  Drone x3  
  19  2:37  Queen  
  18  2:42  Queen  
  20  2:44  Zergling x2  
  21  2:55  Zergling x2  
  21  2:56  Drone x3  
  21  2:58  Extractor  
  23  3:03  Zergling x2  
  24  3:10  Drone  
  24  3:16  Zergling x2  
  24  3:18  Queen  
  27  3:22  Drone  
  27  3:30  Zergling x2  
  27  3:32  Zergling x2  
  28  3:35  Drone x2  
  27  3:43  Zergling x2  
  27  3:44  Drone  
  27  3:46  Drone  
  30  3:54  Zergling x2  
  29  4:03  Drone x5  
  30  4:18  Zergling x2  
  30  4:23  Queen  
  34  4:26  Metabolic Boost  
  34  4:29  Spore Crawler x2  
  34  4:30  Zergling x2  
  31  4:38  Queen  
  31  4:43  Overlord  
  33  4:56  Overlord x3  
  33  4:58  Overlord  
  27  5:11  Overlord  
  27  5:12  Drone  
  27  5:13  Drone x4  
  29  5:23  Drone  
  29  5:24  Drone  
  30  5:35  Zergling x4  
  30  5:40  Zergling x2  
  33  5:42  Zergling x2  
  33  5:43  Zergling x4  
  33  5:48  Zergling x2  
  36  5:56  Drone x3  
  37  6:02  Zergling x2  
  36  6:07  Spore Crawler  
  36  6:11  Drone x2  
  37  6:18  Drone  
  35  6:36  Zergling x6  
  37  6:50  Zergling x14  
  44  6:55  Drone  
  40  7:13  Hatchery  
  39  7:15  Drone x4  
  39  7:19  Queen x2  
  46  7:24  Drone x2  
  48  7:31  Drone  
  48  7:32  Drone x4  
  51  7:47  Zergling x6  
  49  7:55  Zergling x4  
  51  8:04  Drone x3  
  45  8:12  Drone x3  
  41  8:16  Drone  
  40  8:24  Drone  
  38  8:27  Drone x2  
  38  8:40  Drone  
  38  8:41  Drone x4  
  43  8:46  Zergling x2  
  43  8:47  Zergling x2  
  45  8:51  Zergling x2  
  45  8:52  Zergling x4  
  48  9:00  Zergling x4  
  50  9:09  Zergling x2  
  48  9:10  Zergling x4  
  48  9:11  Zergling x6  
  48  9:14  Queen  
  54  9:21  Roach Warren  
  52  9:25  Zergling x8  
  55  9:32  Zergling x8  
  54  9:47  Drone x5  
  56  9:56  Zergling x2  
  56  9:57  Zergling x2  
Show
View Real Time Build Order
Export as new Build Order

ShaDoWn Protoss - Winner!

Build Orders: Oracle Opening 

Get SALT Encoding   

  12  0:00  Probe  
  13  0:12  Probe  
  14  0:20  Pylon  
  14  0:24  Probe  
  15  0:38  Probe (Chrono Boost)  
  15  0:39  Gateway  
  16  0:48  Assimilator  
  16  0:49  Probe (Chrono Boost)  
  17  0:53  Probe (Chrono Boost)  
  18  1:04  Probe  
  19  1:16  Gateway  
  19  1:17  Probe  
  20  1:20  Pylon  
  20  1:25  Zealot (Chrono Boost)  
  21  1:33  Cybernetics Core  
  21  1:37  Probe  
  22  1:43  Zealot  
  24  1:49  Probe  
  25  1:56  Assimilator  
  26  2:12  Adept (Chrono Boost)  
  27  2:20  Adept (Chrono Boost)  
  27  2:22  Shield Battery  
  26  2:32  Probe  
  26  2:44  Probe  
  26  2:51  Stalker  
  28  2:58  Probe  
  29  3:09  Stargate  
  29  3:11  Probe  
  30  3:18  Pylon  
  30  3:23  Probe  
  31  3:36  Probe  
  31  3:37  Adept  
  34  3:48  Probe  
  34  3:55  Oracle (Chrono Boost)  
  38  4:00  Probe  
  37  4:12  Probe  
  36  4:25  Oracle (Chrono Boost)  
  39  4:35  Nexus  
  39  4:39  Pylon  
  39  4:42  Warp Gate  
  39  4:56  Oracle  
  39  4:57  Probe  
  39  5:10  Probe  
  39  5:14  Adept x2  
  44  5:23  Probe  
  44  5:26  Twilight Council  
  42  5:35  Probe  
  43  5:45  Oracle  
  43  5:47  Probe  
  43  5:49  Probe  
  46  5:59  Probe  
  46  6:01  Probe  
  46  6:08  Resonating Glaives (Chrono Boost)  
  44  6:11  Probe  
  44  6:16  Probe  
  46  6:20  Gateway  
  46  6:22  Gateway  
  46  6:30  Adept x2  
  50  6:35  Probe  
  50  6:37  Probe  
  52  6:42  Shield Battery  
  51  6:50  Adept x2, Probe  
  51  6:51  Probe  
  57  7:06  Probe  
  59  7:10  Pylon  
  59  7:11  Adept  
  59  7:14  Adept  
  62  7:24  Nexus  
  62  7:28  Probe  
  62  7:29  Adept  
  65  7:30  Adept  
  65  7:35  Adept  
  69  7:39  Probe  
  70  7:53  Pylon  
  70  8:03  Adept, Probe x2  
  70  8:06  Pylon  
  70  8:07  Pylon  
  70  8:10  Adept  
  68  8:15  Adept x2, Probe x2  
  72  8:25  Adept  
  72  8:27  Forge, Probe x2  
  68  8:30  Adept  
  72  8:37  Adept x2  
  72  8:38  Probe  
  72  8:39  Probe x2  
  79  8:43  Phoenix  
  81  8:50  Adept, Probe  
  81  8:51  Probe, Stalker  
  87  9:00  Stalker  
  87  9:02  Probe  
  90  9:03  Assimilator  
  90  9:13  Adept x2  
  90  9:14  Probe  
  90  9:16  Probe  
  96  9:17  Probe  
  97  9:25  Adept x2  
  97  9:26  Probe  
  102  9:33  Adept x2  
  103  9:40  Probe  
  103  9:41  Probe  
  103  9:49  Adept x2  
  104  9:54  Probe  
  104  9:56  Gateway x2  
  104  9:57  Nexus, Probe  
  98  10:00  Adept x2  
  98  10:04  Probe  
  98  10:06  Pylon  
  103  10:10  Adept x2  
  107  10:16  Nexus  
Tags
 
Add a new tag
Caveats
  • Supply blocks, unpowered buildings, or Contaminate may cause inaccurate times.
  • Supply counts are checked every 10 seconds.